 Dungeon Crawl Stone Soup version 0.24.0-13-gcf9b3192b9 (webtiles) character file.

Game seed: 16194372010627812076, levelgen mode: deterministic

60 mopl the Sneak (level 3, -9/26 HPs)
             Began as a Demigod Enchanter on Nov 6, 2019.
             Mangled by a worm (10 damage)
             ... on level 2 of the Dungeon.
             The game lasted 00:03:07 (1263 turns).

mopl the Sneak (Demigod Enchanter)                  Turns: 1263, Time: 00:03:08

Health: -9/26      AC:  2    Str: 11    XL:     3   Next: 57%
Magic:  0/9        EV:  7    Int: 19    God:
Gold:   58         SH:  0    Dex: 16    Spells: 0/6 levels left

rFire    . . .     SeeInvis .   a - +1 dagger
rCold    . . .     Gourm    .   (no shield)
rNeg     . . .     Faith    .   b - +0 robe
rPois    .         Spirit   .   (no helmet)
rElec    .         Reflect  .   (no cloak)
rCorr    .         Harm     .   (no gloves)
MR       .....                  (no boots)
Stlth    ++........             (no amulet)
HPRegen  0.08/turn              g - -2 ring of intelligence (curse)
MPRegen  0.11/turn              h - -5 ring of evasion (curse)

@: no status effects
A: high mp 1
a: no special abilities


You were on level 2 of the Dungeon.
You were hungry.

You visited 1 branch of the dungeon, and saw 2 of its levels.

You collected 58 gold pieces.

Inventory:

Hand Weapons
 a - a +1 dagger (weapon)
Missiles
 i - 5 javelins (quivered)
Armour
 b - a +0 robe (worn)
Jewellery
 g - a cursed -2 ring of intelligence (left hand)
 h - a cursed -5 ring of evasion (right hand)
Wands
 j - a wand of polymorph (6)
Scrolls
 c - a scroll of immolation {unknown}
 f - a scroll of enchant armour {unknown}
Potions
 e - a potion of brilliance {unknown}
Comestibles
 d - 3 rations


   Skills:
 - Level 0.8 Short Blades
 - Level 1.7 Dodging
 * Level 3.4 Stealth
 * Level 2.4 Spellcasting
 + Level 0.2 Conjurations
 * Level 3.1 Hexes
 + Level 0.4 Ice Magic


You couldn't memorise any spells.
You knew the following spells:

 Your Spells              Type           Power        Failure   Level  Hunger
a - Corona                Hex            ##.....      4%          1    #......
b - Ensorcelled Hibernat  Hex/Ice        #.....       12%         2    ##.....
g - Dazzling Spray        Conj/Hex       #.....       24%         3    ###....

Your spell library contained the following spells:

 Spells                   Type           Power        Failure   Level  Hunger
 Confuse                  Hex            ##......     13%         3    ###....
 Tukima's Dance           Hex            ##......     13%         3    ###....


Dungeon Overview and Level Annotations

Branches:
Dungeon (2/15)


Innate Abilities, Weirdness & Mutations

You have an increased reservoir of magic. (+10% MP)


Message History

The worm bites you!
You are too injured to fight recklessly!
You are too injured to fight recklessly!
You are too injured to fight recklessly!
Casting: Ensorcelled Hibernation (safe; 12% risk of failure)
Confirm with . or Enter, or press ? or * to list all spells.
Aiming: Dazzling Spray (safe; 24% risk of failure)
Press: ? - help, Shift-Dir - straight line, f/p - worm
Aim: a worm (severely wounded)
The spray of energy hits the worm.
The worm is almost dead.
The worm is dazzled.
Unknown command.
The worm bites you!
* * * LOW HITPOINT WARNING * * *
You are too injured to fight recklessly!
You hit the worm.
The worm is almost dead.
The worm bites you!
You die...

#.##..# #.###.. #######
#..#### ...!...
..########....# .......##
#.........#...# ........#
####.........#
........#######.....#....
.....$.w##.......)(......
........@.....>..........
........#..........(.....
...............##..)(....
.........#.....##.###...#
..................# #.(.#
.$......##.....#..# #####
........##........# ###
....... ..........####..
................#


You could see a worm (blind).

Vanquished Creatures
  2 adders (D:2)
  A dart slug (D:1)
  A ball python (D:1)
  2 giant cockroaches
  6 goblins
  8 hobgoblins
  2 jackals (D:1)
  2 kobolds (D:1)
  6 bats
  5 frilled lizards (D:1)
  3 rats (D:1)
38 creatures vanquished.

Notes
Turn   | Place    | Note
-------+----------+-------------------------------------------
     0 | D:1      | mopl the Demigod Enchanter began the quest for the Orb.
     0 | D:1      | Reached XP level 1. HP: 14/14 MP: 5/5
   372 | D:1      | Reached XP level 2. HP: 16/20 MP: 5/7
   376 | D:1      | Learned a level 2 spell: Ensorcelled Hibernation
   765 | D:1      | Reached XP level 3. HP: 22/26 MP: 8/8
   836 | D:1      | Learned a level 3 spell: Dazzling Spray
  1262 | D:2      | HP: 1/26 [worm (9)]
  1263 | D:2      | Mangled by a worm

Levels and vault maps discovered:
D:1:      elethiomel_arrival_maze, layout_basic
D:2:      layout_rooms, doesnt_xom_only_xom

Skill      XL: |  1  2 |
---------------+-------+-----
Spellcasting   | 2 |  2.4
Stealth        | 3 |  3.4
Hexes          | 3 |  3.1
Short Blades   | |  0.8
Dodging        | |  1.7
Conjurations   | |  0.2
Ice Magic      | |  0.4

Action                   || total
-------------------------++-------
Melee: Dagger            ||    81
 Cast: Corona            ||     9
       Ensorcelled Hiber ||    19
       Dazzling Spray    ||     1
 Stab: Sleeping          ||    21
  Eat: Chunk             ||     2
Armor: Robe              ||    28
Dodge: Dodged            ||    43
